 Dungeon Sprint DCSS version 0.30-a0-4-ga7cffc901d (webtiles) character file.

Game seed: 949297078874524565

234 mhtbhm the Unseen (level 5, -11/28 HPs)
             Began as a Spriggan Brigand on Aug 21, 2022.
             Was an Initiate of Dithmenos.
             Killed from afar by a deep elf pyromancer (33 damage)
             ... with a bolt of fire
             ... in the Dungeon (Sprint III: "The Ten Rune Challenge").
             The game lasted 00:01:36 (584 turns).

mhtbhm the Unseen (Spriggan Brigand)                 Turns: 584, Time: 00:01:37

Health: -11/28     AC:  3    Str:  6    XL:     5   Next: 75%
Magic:  7/7        EV: 17    Int: 11    God:    Dithmenos [......]
Gold:   32         SH:  0    Dex: 23    Spells: 2/4 levels left

rFire   . . .      SeeInvis +    a - +2 dagger
rCold   . . .      Faith    .    (no shield)
rNeg    . . .      Spirit   .    b - +0 robe
rPois   .          Reflect  .    (helmet restricted)
rElec   .          Harm     .    c - +0 cloak
rCorr   .          Rampage  .    (gloves unavailable)
Will    .....      NoTele   +    (boots unavailable)
Stlth   +++++++...               (no amulet)
HPRegen 0.09/turn                (no ring)
MPRegen 0.10/turn                (no ring)

@: very quick
A: very small, no large weapons, unfitting armour, see invisible, speed 3, agile
1
a: Renounce Religion


You were in the Dungeon.
You worshipped Dithmenos.
Dithmenos was noncommittal.
You visited 1 branch You collected 32 gold pieces.

Inventory:

Hand Weapons
 a - a +2 dagger (weapon)
Missiles
 d - 9 poisoned darts (quivered)
Armour
 b - a +0 robe (worn)
 c - a +0 cloak (worn)
Scrolls
 k - a scroll of blinking
 l - 3 scrolls of identify {unknown}
 n - a scroll of immolation {unknown}
 p - a scroll of poison {unknown}
Potions
 f - a potion of curing
 h - a potion of haste
 i - 2 potions of magic
 m - 2 potions of mutation
 o - 4 potions of flight


   Skills:
 + Level 3.1 Fighting
 + Level 4.4 Short Blades
 + Level 5.0 Throwing
 + Level 2.0 Dodging
 + Level 15.6 Stealth
 * Level 1.4 Invocations


You had 2 spell levels left.
You knew the following spells:

 Your Spells              Type           Power      Damage    Failure   Level
a - Wereblood             Tmut           0%         N/A       47%         2

Your spell library contained the following spells:

 Spells                   Type           Power      Damage    Failure   Level
 Beastly Appendage        Tmut           0%         N/A       34%         1
 Freeze                   Ice            0%         1d3       34%         1
 Spider Form              Tmut/Pois      0%         N/A       71%         3
 Summon Hydra             Summ           0%         N/A       100%        7


Dungeon Overview and Level Annotations

Branches:
Dungeon (1/1)

Altars:
Dithmenos
Elyvilon
Kikubaaqudgha
Ru
Sif Muna
Vehumet
Yredelemnul
Zin
The Shining One


Innate Abilities, Weirdness & Mutations

You are very small and have problems with some larger weapons.
You are too small for most types of armour.
You have supernaturally acute eyesight. (SInv)
You cover ground extremely quickly. (Speed+++)
You are agile. (Dex +4, Str/Int -1)


Message History

You start memorising the spell.
You continue memorising. x2
You finish memorising.
Spell assigned to 'a'.
There is a fountain of clear blue water here.
As you open the door, it creaks loudly!
You hear a shout!
Found a glowing silver altar of Zin.
A deep elf pyromancer comes into view.
It is wielding a +2 long sword of holy wrath.
Found two altars.
There is an open door here.
You hit the deep elf pyromancer but do no damage.
The deep elf pyromancer points at you and mumbles some strange words.
The bolt of fire hits you!!
Ouch! That really hurt!
* * * LOW HITPOINT WARNING * * *
Unknown command.
You feel much better.
The deep elf pyromancer hits you with a +2 long sword of holy wrath!
Okay, then.
Throw: 3 darts (curare)
Press: ? - help, Q - select action, (/) - cycle Shift-Dir - straight line, f - deep elf pyromancer
Aim: a deep elf pyromancer, wielding a +2 long sword of holy wrath (57% to hit)
You throw a curare-tipped dart.
The curare-tipped dart hits the deep elf pyromancer.
The deep elf pyromancer is poisoned.
The deep elf pyromancer convulses.
The deep elf pyromancer seems to slow down.
The deep elf pyromancer is lightly wounded.
There is a fountain of clear blue water here.
Throw: 2 darts (curare)
Press: ? - help, Q - select action, (/) - cycle Shift-Dir - straight line, f/p - deep elf pyromancer
Aim: a deep elf pyromancer, wielding a +2 long sword of holy wrath (lightly wounded, very poisoned, slow, 57% to hit)
You throw a curare-tipped dart.
The curare-tipped dart closely misses the deep elf pyromancer.
Throw: dart (curare)
Press: ? - help, Q - select action, (/) - cycle Shift-Dir - straight line, f/p - deep elf pyromancer
Aim: a deep elf pyromancer, wielding a +2 long sword of holy wrath (lightly wounded, very poisoned, slow, 57% to hit)
You throw a curare-tipped dart.
The curare-tipped dart barely misses the deep elf pyromancer.
The deep elf pyromancer casts a spell at you.
The bolt of fire hits you!!
Ouch! That really hurt!
You die...

▓▓▓▓▓▓▓ ▓▓▓ ..'...♣♣♣
♣.##### #### ..#.....♣♣
♣.#__e# #__# ###....♣.♣
♣♣.#.(.# #._#
..#....~.♣♣♣..###'#+###'##
..#...~~...♣♣.#..........#
))#..~~~~♣♣♣..'.@....†...#
#÷#..~≈≈~~~♣♣.#...######+#
..#.~~≈~~~....#.⌠.#
..#.~≈~~~.....#...#
..#.~~~.......#'###
###...........#.))#
..............#___#
▓▓▓▓▓▓▓▓▓▓▓▓▓▓▓▓▓▓▓


You could see a deep elf pyromancer (very poisoned, slow).

Vanquished Creatures
  A water elemental (D)
  A necrophage (D)
  A wizard (D)
  Jessica (D)
  A necromancer (D)
  A human (D)
  A kobold demonologist (D)
  A phantom (D)
  3 rats (D)
11 creatures vanquished.

Notes
Turn   | Place    | Note
-------+----------+-------------------------------------------
     0 | D        | mhtbhm the Spriggan Brigand began the quest for the Orb.
     0 | D        | Reached XP level 1. HP: 10/10 MP: 2/2
     8 | D        | Reached skill level 6 in Stealth
    14 | D        | Noticed Jessica
    25 | D        | Killed Jessica
    26 | D        | Reached skill level 9 in Stealth
    26 | D        | Reached XP level 2. HP: 3/15 MP: 3/3
   281 | D        | Reached skill level 10 in Stealth
   281 | D        | Reached XP level 3. HP: 18/18 MP: 4/4
   314 | D        | Reached skill level 11 in Stealth
   330 | D        | Gained mutation: You are frail. (-10% HP) [potion of
                  | mutation]
   330 | D        | Gained mutation: Your mind is acute. (Int +4, Str/Dex -1)
                  | [potion of mutation]
   331 | D        | Lost mutation: You are frail. (-10% HP) [potion of
                  | mutation]
   331 | D        | Lost mutation: Your mind is acute. (Int +4, Str/Dex -1)
                  | [potion of mutation]
   331 | D        | Gained mutation: You are agile. (Dex +4, Str/Int -1)
                  | [potion of mutation]
   375 | D        | Noticed a water elemental
   378 | D        | Killed a water elemental
   379 | D        | Reached skill level 13 in Stealth
   379 | D        | Reached XP level 4. HP: 23/23 MP: 5/5
   389 | D        | Found a shadowy altar of Dithmenos.
   389 | D        | Noticed a necrophage
   390 | D        | Found a basalt altar of Yredelemnul.
   390 | D        | Found a sacrificial altar of Ru.
   402 | D        | Killed a necrophage
   403 | D        | Reached skill level 15 in Stealth
   403 | D        | Reached XP level 5. HP: 23/28 MP: 6/6
   540 | D        | Became a worshipper of Dithmenos the Shadowed
   554 | D        | Found a radiant altar of Vehumet.
   555 | D        | Found a shimmering blue altar of Sif Muna.
   555 | D        | Found an ancient bone altar of Kikubaaqudgha.
   557 | D        | Reached skill level 1 in Invocations
   559 | D        | Reached skill level 5 in Throwing
   560 | D        | Got the Grimoire of the Gathered Iceberg
   571 | D        | Learned a level 2 spell: Wereblood
   576 | D        | Found a glowing silver altar of Zin.
   577 | D        | Found a glowing golden altar of the Shining One.
   577 | D        | Found a white marble altar of Elyvilon.
   577 | D        | Noticed a deep elf pyromancer
   584 | D        | Killed from afar by a deep elf pyromancer

Illustrated notes

Levels and vault maps discovered:
D:        dungeon_sprint_mu [sprint_mu_entry_forest, sprint_mu_temple_rooms,
          sprint_mu_d1_horrors, sprint_mu_d2_genie, sprint_mu_d3_branching,
          sprint_mu_orc_legion, sprint_mu_elf_gauntlet, sprint_mu_hive_nellie,
          sprint_mu_lair_fedhas, sprint_mu_vaults_butterflies,
          sprint_mu_slime_circle, sprint_mu_shoals_archi,
          sprint_mu_snake_twists, sprint_mu_blade_basic,
          sprint_mu_crypt_chambers, sprint_mu_tomb_spiral,
          sprint_mu_vestibule_basic, sprint_mu_gehenna_hellfire,
          sprint_mu_dis_giant, sprint_mu_tartarus_statrot,
          sprint_mu_cocytus_islands, sprint_mu_zot1]

Skill      XL: |  1  2  3  4  5 |
---------------+----------------+-----
Stealth        | 9 10 13 15 | 15.6
Fighting       | 2 3 |  3.1
Short Blades   | 3 4 |  4.4
Throwing       | 3 4 5 |  5.0
Dodging        | 2 |  2.0
Invocations    | 1 |  1.4

Action                   |  1- 3 |  4- 6 || total
-------------------------+-------+-------++-------
Melee: Dagger            |    17 |     9 ||    26
Throw: Dart              |     9 |     3 ||    12
  Use: Potion            |     2 |     2 ||     4
 Stab: Sleeping          |     2 |     3 ||     5
Dodge: Dodged            |     9 |     1 ||    10

Table legend: (Time is in decaauts)
 A = Elapsed time spent in this place.
 B = Non-inter-level travel time spent in this place.
 C = Inter-level travel time spent in this place.
 D = Time resting spent in this place.
 E = Time spent auto-exploring this place.
 F = Levels seen in this place.
 G = Mean time per level.
                   A        B        C        D        E       F      G
               +--------+--------+--------+--------+--------+-----+--------+
         Total |    528 |    528 |      0 |    343 |     47 |   1 |  528.0 |
       Dungeon |    528 |    528 |      0 |    343 |     47 |   1 |  528.0 |
               +--------+--------+--------+--------+--------+-----+--------+

Top non-repeatable levels by time:
       D: 528 daAuts
